 Dungeon Crawl Stone Soup version 0.26-a0-854-gdc81c2f471 (webtiles) character file.

Game seed: 10652079715909473278

2856 Peloso the Carver (level 9, -1/82 HPs)
             Began as a Minotaur Abyssal Knight on Nov 23, 2020.
             Was a High Priest of Lugonu.
             Slain by a sixfirhy (11 damage)
             ... summoned by a kobold demonologist
             ... on level 8 of the Dungeon.
             The game lasted 00:14:19 (9383 turns).

Peloso the Carver (Minotaur Abyssal Knight)         Turns: 9383, Time: 00:14:22

Health: -1/82      AC: 13    Str: 20    XL:     9   Next: 46%
Magic:  9/9        EV:  9    Int:  9    God:    Lugonu [*****.]
Gold:   454        SH:  0    Dex: 10    Spells: 8/8 levels left

rFire    . . .     SeeInvis .   a - +2 falchion
rCold    . . .     Faith    .   (no shield)
rNeg     . . .     Spirit   .   g - +0 chain mail
rPois    .         Reflect  .   e - +1 hat
rElec    .         Harm     .   (no cloak)
rCorr    .         Rampage  .   k - +0 pair of gloves
MR       .....                  (no boots)
Stlth    ..........             (no amulet)
HPRegen  0.23/turn              (no ring)
MPRegen  0.11/turn              (no ring)

@: about to teleport
A: retaliatory headbutt, horns 2
a: Depart the Abyss, Bend Space, Banish, Corrupt, Enter the Abyss, Renounce
Religion


You were on level 8 of the Dungeon.
You worshipped Lugonu.
Lugonu was extremely pleased with you.
You visited 1 branch of the dungeon, and saw 8 of its levels.
You visited the Abyss 1 time.

You collected 454 gold pieces.

Inventory:

Hand Weapons
 a - a +2 falchion (weapon)
 b - a +1 war axe of venom
Armour
 e - a +1 hat (worn)
 g - a +0 chain mail (worn)
 k - a +0 pair of gloves (worn)
Jewellery
 v - a +4 ring of slaying {unknown}
Wands
 j - a wand of flame (17)
 p - a wand of acid (9)
Scrolls
 c - a scroll of enchant weapon
 f - a scroll of fear {unknown}
 h - 4 scrolls of remove curse
 i - 2 scrolls of identify
 l - 4 scrolls of fog
 t - a scroll of noise
 u - a scroll of amnesia {unknown}
Potions
 d - a potion of lignification
 m - a potion of magic
 n - a potion of brilliance
 o - 2 potions of berserk rage
 r - a potion of haste {unknown}
 s - 2 potions of curing
 w - a potion of heal wounds


   Skills:
 + Level 8.5 Fighting
 + Level 10.3 Long Blades
 + Level 7.7 Armour
 + Level 4.6 Dodging
 + Level 1.1 Stealth
 + Level 2.0 Invocations


You had 8 spell levels left.
You didn't know any spells.
Your spell library was empty.

Dungeon Overview and Level Annotations

Branches:
Dungeon (8/15)             Temple (0/1) D:6
   Lair: D:8-11

Altars:
Nemelex Xobeh
Uskayaw


Innate Abilities, Weirdness & Mutations

You reflexively headbutt those who attack you in melee.
You have a pair of horns on your head.


Message History

There is an open door, spattered with blood here.
You see here an adder corpse.
The kobold demonologist casts a spell.
The purple ugly thing pecks you! The sixfirhy hits you!
The sixfirhy shocks you! The sixfirhy completely misses you.
The sixfirhy hits you but does no damage.
As you read the scroll of teleportation, it crumbles to dust.
You feel strangely unstable.
The purple ugly thing closely misses you.
You furiously retaliate!
You headbutt the purple ugly thing.
The kobold demonologist mumbles some strange words.
The sixfirhy hits you.
* * * LOW HITPOINT WARNING * * *
The sixfirhy shocks you!
* * * LOW HITPOINT WARNING * * *
The sixfirhy hits you.
* * * LOW HITPOINT WARNING * * *
The sixfirhy shocks you!
You die...

#.#..... ####..# #.?#
#.#....###....# .#####.K#
#.#...##......# ........#
#.#...#....#..# ........#
#.#..##...##.†##########l#
#.#..#...###.....).......#
#.#..#...# #.....).......#
#.#.##..###############K.#
<.#†#†..........@3u.l...5#
#.#.'.................5..#
#.#.######################
#...# #.### #.# #.# #.#
#.#


You could see a purple ugly thing, a kobold demonologist, a sixfirhy (summoned),
an iguana and an iron imp (summoned).

Vanquished Creatures
  Edmund (D:6)
  A water moccasin (D:5)
  3 sky beasts
  An ice beast (D:5)
  A black bear (D:8)
  2 ogres
  A phantom (D:4)
  A centaur (D:8)
  Blork the orc (D:6)
  2 bullfrogs
  5 killer bees (D:7)
  3 howler monkeys
  3 bullfrog skeletons
  6 hounds
  5 orc priests
  A jelly (D:6)
  An iguana (D:7)
  6 orc wizards
  6 worker ants
  A hound zombie (D:6)
  3 hound skeletons
  A howler monkey zombie (D:5)
  Robin (D:2)
  16 gnolls
  15 adders
  2 shadow imps (D:5)
  2 ufetubi
  An ooze (D:1)
  An adder skeleton (D:5)
  2 worms (D:2)
  3 dart slugs
  8 leopard geckos
  26 orcs
  5 giant cockroaches
  21 goblins
  14 hobgoblins
  4 quokkas
  2 ball pythons
  6 bats
  3 frilled lizards
  A jackal skeleton (D:6)
  A jackal zombie (D:7)
  11 kobolds
  2 leopard gecko skeletons
  3 rats
205 creatures vanquished.

Notes
Turn   | Place    | Note
-------+----------+-------------------------------------------
     0 | Abyss:1  | Peloso the Minotaur Abyssal Knight began the quest for the
                  | Orb.
     0 | Abyss:1  | Reached XP level 1. HP: 19/19 MP: 1/1
    56 | D:1      | Escaped the Abyss
   110 | D:1      | Reached XP level 2. HP: 9/27 MP: 2/2
   731 | D:1      | Reached XP level 3. HP: 33/33 MP: 3/3
   766 | D:1      | Reached ** piety under Lugonu
   869 | D:1      | Reached skill level 3 in Long Blades
  1152 | D:2      | Noticed Robin
  1168 | D:2      | Killed Robin
  1170 | D:2      | Reached XP level 4. HP: 22/41 MP: 4/4
  1175 | D:2      | HP: 2/41 [goblin/+1 dagger of electrocution[Robin] (15)]
  1932 | D:2      | Found a hide-covered altar of Uskayaw.
  2213 | D:2      | Reached skill level 5 in Fighting
  2517 | D:3      | Reached XP level 5. HP: 31/48 MP: 5/5
  2810 | D:3      | Found a sparkling altar of Nemelex Xobeh.
  2866 | D:3      | Reached skill level 4 in Long Blades
  2903 | D:3      | Reached *** piety under Lugonu
  3397 | D:3      | Reached skill level 5 in Long Blades
  3634 | D:3      | Reached XP level 6. HP: 53/56 MP: 6/6
  4371 | D:4      | Reached skill level 6 in Long Blades
  4619 | D:4      | Reached XP level 7. HP: 53/61 MP: 7/7
  5142 | D:5      | Entered Level 5 of the Dungeon
  5157 | D:5      | Reached skill level 7 in Long Blades
  5404 | D:5      | Reached **** piety under Lugonu
  5405 | D:5      | Reached skill level 1 in Stealth
  5688 | D:5      | Reached skill level 8 in Long Blades
  5688 | D:5      | Reached XP level 8. HP: 10/70 MP: 8/8
  5690 | D:5      | HP: 5/105 [poisoned by a water moccasin]
  6216 | D:5      | Reached skill level 5 in Armour
  6784 | D:6      | Found a staircase to the Ecumenical Temple.
  7317 | D:6      | Noticed Blork the orc
  7324 | D:6      | Killed Blork the orc
  7325 | D:6      | Reached skill level 9 in Long Blades
  7566 | D:6      | Noticed Edmund
  7591 | D:6      | Killed Edmund
  8075 | D:7      | Reached ***** piety under Lugonu
  8151 | D:7      | Reached XP level 9. HP: 73/79 MP: 9/9
  9241 | D:8      | Reached skill level 10 in Long Blades
  9362 | D:8      | Noticed a purple ugly thing
  9369 | D:8      | Noticed a kobold demonologist
  9374 | D:8      | Noticed a sixfirhy
  9383 | D:8      | Slain by a sixfirhy

Illustrated notes

Levels and vault maps discovered:
D:1:      sevenhm_arrival_forest_fort_large_4, layout_basic
D:2:      layout_basic, eat_drink_and_be_merry_uskayaw,
          hangedman_abyss_or_decor_lesser_grid, minmay_randomly_rotated_circles,
          uniq_robin
D:3:      layout_loops_corners, nemelex_xobeh_ov_fountains_minmay,
          roderic_serpentine_path
D:4:      layout_basic, st_stairs_7, grunt_ministairs_10, minmay_hedge_maze
D:5:      layout_cave_pools, kennysheep_doodads, minmay_misc_feat_more_columns
D:6:      layout_loops_corners, minmay_temple_entry_steel_oval,
          uniq_blork_the_orc, uniq_edmund
D:7:      layout_basic
D:8:      minmay_quarter_circles, layout_basic, okawaru_trees_1,
          nicolae_overflow_hidden_temple

Skill      XL: |  1  2  3  4  5  6  7  8  9 |
---------------+----------------------------+-----
Fighting       | 4 5 6 7 8 |  8.5
Armour         | 3 4 7 |  7.7
Long Blades    | 3 5 6 8 9 10 | 10.3
Invocations    | 2 |  2.0
Dodging        | 2 3 4 |  4.6
Stealth        | 1 |  1.1

Action                   |  1- 3 |  4- 6 |  7- 9 || total
-------------------------+-------+-------+-------++-------
Melee: Falchion          |    71 |   160 |   393 ||   624
       Headbutt          |     9 |    28 |    76 ||   113
  Use: Scroll            |     4 |     4 |     4 ||    12
       Potion            |     2 |       |     4 ||     6
Armor: Leather armour    |    21 |    35 |    25 ||    81
       Skin              |       |       |    17 ||    17
       Chain mail        |       |       |   138 ||   138
Dodge: Dodged            |    38 |   117 |   169 ||   324
       Rpst.: Falchion   |    12 |    39 |    47 ||    98

Table legend: (Time is in decaauts)
 A = Elapsed time spent in this place.
 B = Non-inter-level travel time spent in this place.
 C = Inter-level travel time spent in this place.
 D = Time resting spent in this place.
 E = Time spent auto-exploring this place.
 F = Levels seen in this place.
 G = Mean time per level.
                   A        B        C        D        E       F      G
               +--------+--------+--------+--------+--------+-----+--------+
         Total |   9373 |   9193 |    180 |    236 |   7260 |   9 | 1041.4 |
       Dungeon |   9317 |   9137 |    180 |    236 |   7260 |   8 | 1164.6 |
         Abyss |     56 |     56 |      0 |      0 |      0 |   1 |   56.0 |
               +--------+--------+--------+--------+--------+-----+--------+

Top non-repeatable levels by time:
     D:5: 1518 daAuts
     D:7: 1499 daAuts
     D:2: 1434 daAuts
     D:3: 1375 daAuts
     D:4: 1317 daAuts
     D:6: 1016 daAuts
     D:1: 980 daAuts
     D:8: 176 daAuts
 Abyss:1: 56 daAuts
